 Dungeon Crawl Stone Soup version 0.20.1-1-g8b1a95d (webtiles) character file.

110022 Sandy the Spry (level 16, -2/68 HPs)
             Began as a Spriggan Gladiator on Sept 3, 2017.
             Was the Champion of Okawaru.
             Killed from afar by a deep elf knight (36 damage)
             ... with a shard of ice
             ... on level 1 of the Elven Halls.
             The game lasted 04:03:51 (41317 turns).

Sandy the Spry (Spriggan Gladiator)                Turns: 41317, Time: 04:03:52

Health: -2/68      AC: 13    Str: 11    XL:     16   Next: 6%
Magic:  21/21      EV: 36    Int: 11    God:    Okawaru [******]
Gold:   2466       SH:  3    Dex: 26    Spells: 10/15 levels left

rFire    + . .     SeeInvis +   a - +5 lajatang (speed)
rCold    + . .     Gourm    .   (shield currently unavailable)
rNeg     . . .     Faith    .   n - +3 troll leather armour of Undesirable Species {rPois MR+ Regen+ Slay+2}
rPois    +         Spirit   .   H - +1 hat {MR+}
rElec    .         Reflect  +   X - scarf {rC+ rF+}
rCorr    .         Harm     .   (gloves unavailable)
MR       +++++                  (boots unavailable)
Stlth    +++++.....             u - +3 amulet of reflection
Regen    0.7/turn               N - +1 ring of evasion
MPRegen  0.2/turn               Z - ring of the Dolphin {MR+ AC+4}

@: very quick
A: unfitting armour, thin metallic scales 1, thin skeletal structure 1, see
invisible, clever 1, deformed body, herbivore 3, speed 3, frail 2, slow
metabolism 2
a: Heroism, Finesse, Renounce Religion


You were on level 1 of the Elven Halls.
You worshipped Okawaru.
Okawaru was exalted by your worship.
You were not hungry.

You visited 5 branches of the dungeon, and saw 25 of its levels.

You collected 2593 gold pieces.
You spent 127 gold pieces at shops.

Inventory:

Hand Weapons
 a - a +5 lajatang of speed (weapon)
 b - the +8 hunting sling of Okawaru's Esteem {flame, rElec Str+4}
   (Okawaru gifted it to you on level 2 of the Orcish Mines)

   It causes projectiles fired from it to burn those they strike, causing extra
   injury to most foes and up to half again as much damage against particularly
   susceptible opponents.
   It affects your strength (+4).
   It insulates you from electricity.
 o - a +2 quarterstaff of distortion
 V - the +6 hunting sling of Tumult {flame, rN+ Dex+4}
   (You acquired it on level 4 of the Lair of Beasts)

   It causes projectiles fired from it to burn those they strike, causing extra
   injury to most foes and up to half again as much damage against particularly
   susceptible opponents.
   It affects your dexterity (+4).
   It protects you from negative energy.
Missiles
 x - 488 stones (quivered)
 W - 55 sling bullets
Armour
 d - the +0 cloak "Zuiti" {-Tele rC+ rN+ Dex+2}
   (You found it on level 14 of the Dungeon)

   It affects your dexterity (+2).
   It protects you from cold.
   It protects you from negative energy.
   It prevents most forms of teleportation.
 g - a scarf of repulsion
 h - +1 steam dragon scales
 l - a +1 buckler of fire resistance
 n - the +3 troll leather armour of Undesirable Species (worn) {rPois MR+ Regen+ Slay+2}
   (Okawaru gifted it to you on level 11 of the Dungeon)

   It affects your accuracy and damage with ranged weapons and melee attacks
   (+2).
   It protects you from poison.
   It affects your resistance to hostile enchantments.
   It increases your rate of regeneration.
 F - a +2 cloak of invisibility
 H - a +1 hat of magic resistance (worn)
 X - a scarf of resistance (worn)
Jewellery
 s - an uncursed ring of positive energy
 u - a +3 amulet of reflection (around neck)
 w - an uncursed ring of protection from magic
 M - the amulet "Mutit" {RegenMP rElec SInv Stlth-}
   (You found it on level 13 of the Dungeon)

   [amulet of magic regeneration]

   It increases your magic regeneration.
   It insulates you from electricity.
   It lets you see invisible.
   It makes you less stealthy.
 N - a +1 ring of evasion (left hand)
 Y - an uncursed ring of ice
 Z - the ring of the Dolphin (right hand) {MR+ AC+4}
   (You found it on level 14 of the Dungeon)

   [ring of protection]

   It affects your AC (+4).
   It affects your resistance to hostile enchantments.
Wands
 c - a wand of acid (4/15)
 j - a wand of enslavement (11/24)
 z - a wand of flame (17/48)
 D - a wand of iceblast (9/15)
 I - a wand of digging (16/24)
 O - a wand of polymorph (15/24)
 P - a wand of scattershot (5/9)
 Q - a wand of lightning (8/15)
 R - a wand of lightning (1/15)
 T - a wand of lightning (7/15)
Scrolls
 p - a scroll of holy word
 q - 2 scrolls of teleportation
 y - 4 scrolls of identify
 C - 2 scrolls of blinking
 E - 9 scrolls of remove curse
 G - a scroll of fear
 K - 3 scrolls of amnesia
 L - 2 scrolls of recharging
 S - a scroll of fog
Potions
 e - 5 potions of curing
 i - a potion of haste
 k - 8 potions of mutation
 m - a potion of flight
 r - a potion of berserk rage
 t - a potion of agility
 A - 3 potions of heal wounds
 B - a potion of might
 J - 2 potions of resistance
 U - 2 potions of cancellation
Comestibles
 f - 9 bread rations
 v - 8 royal jellies


   Skills:
 + Level 10.3 Fighting
 - Level 14.0 Staves
 - Level 10.0(12.0) Slings
 - Level 9.4(10.7) Throwing
 + Level 5.7 Armour
 + Level 16.1 Dodging
 - Level 8.0 Stealth
 - Level 5.3 Invocations


You had 10 spell levels left.
You knew the following spells:

 Your Spells              Type           Power        Failure   Level  Hunger
a - Confusing Touch       Hex            #.....       41%         1    ##.....
b - Mephitic Cloud        Conj/Pois/Air  #.......     80%         3    ####...
c - Apportation           Tloc           #.....       41%         1    ##.....


Dungeon Overview and Level Annotations

Branches:
Dungeon (15/15)            Temple (1/1) D:7            Lair (5/6) D:11
  Swamp (0/4) Lair:3        Snake (0/4) Lair:4        Slime (0/5) Lair:5
    Orc (2/2) D:10            Elf (2/3) Orc:2        Vaults (0/5) D:14
 Depths (0/5) D:15

Altars:
Ashenzari
Cheibriados
Dithmenos
Elyvilon
Fedhas
Gozag
Hepliaklqana
Kikubaaqudgha
Makhleb
Nemelex Xobeh
Okawaru
Qazlal
Ru
Sif Muna
Trog
Uskayaw
Vehumet
Xom
Yredelemnul
Zin
The Shining One

Shops:
D:6 *   D:11 *   D:14 (   Orc:2 (:[*

Annotations:
D:11 exclusion: downstairs
D:14 1 transporter


Innate Abilities, Weirdness & Mutations

You are very small and have problems with some larger weapons.
You are too small for most types of armour.
You have supernaturally acute eyesight. (SInv)
You are a herbivore.
You cover ground extremely quickly.
You need consume almost no food.
You are partially covered in thin metallic scales. (AC +2)
You have a somewhat thin skeletal structure. (Dex +2, Stealth)
Your mind is acute. (Int +2)
Armour fits poorly on your strangely shaped body.
You are very frail. (-20% HP)


Message History

The deep elf knight is almost dead.
The deep elf knight casts a spell.
The deep elf knight seems to speed up.
The deep elf knight points at you and mumbles some strange words.
The shard of ice hits you! You partially resist.
Ouch! That really hurt!
The deep elf mage casts a spell.
The deep elf mage blinks!
The deep elf knight points at you and mumbles some strange words.
The shard of ice hits you! You partially resist.
The deep elf knight casts a spell.
The deep elf knight flickers and vanishes for a moment.
You see here a dire flail of draining.
Things that are here:
an enchanted dagger; a dagger
There is a staircase back to the Mines here.
The deep elf knight casts a spell at you.
The shard of ice hits you! You partially resist.
Ouch! That really hurt!
You die...

#.# #. #.# #. #.#
####. #.# #.... ###
##### #.#. #####
########'#.
#...#####..........
#.@.).e.e..8..8..#.
#...#####e...)()...
##### ###########
#. ## ### #.. #.#


You could see 3 deep elf knights.

Vanquished Creatures
  Gastronok (Lair:2)
  2 orc warlords (Orc:2)
  2 deep elf annihilators (Elf:1)
  Azrael (D:13)
  A deep elf death mage (Elf:1)
  A deep elf high priest (Elf:1)
  The ghost of Agrougrou the Cleaver, a journeyman DsFi of Okawaru (D:12)
  9 hydras
  An ogre mage (D:14)
  6 dancing weapons
  4 centaur warriors
  3 two-headed ogres
  2 alligators (Lair:4)
  3 death yaks
  3 tengu warriors
  3 orc high priests (Orc:2)
  A fire crab (Lair:5)
  4 deep elf knights (Elf:1)
  Nergalle (Lair:2)
  An unseen horror (D:14)
  5 deep elf archers (Elf:1)
  A wizard (D:14)
  5 orc knights
  A swamp dragon (Lair:4)
  24 deep elf magi
  5 orc sorcerers (Orc:2)
  4 cyclopes
  An oklob plant (Lair:4)
  11 elephants (Lair:4)
  2 manticores
  2 moths of wrath (shapeshifter) (D:15)
  8 ugly things
  10 spiny frogs
  4 black mambas
  4 torpor snails (Lair:2)
  4 gargoyles
  4 komodo dragons
  A kobold demonologist (D:14)
  2 efreet
  3 tengu conjurers
  2 polar bears (Lair:5)
  3 hornets
  7 trolls
  6 slime creatures (D:15)
  10 blink frogs
  A hippogriff (shapeshifter) (D:15)
  A dream sheep (shapeshifter) (D:15)
  5 hippogriffs
  Sigmund (D:6)
  A hog (D:13)
  2 wraiths
  69 yaks
  3 wyverns
  A steam dragon (D:9)
  6 fire elementals
  4 hungry ghosts
  2 basilisks
  A human (D:13)
  5 vampire mosquitoes
  6 swamp worms
  A warg (Orc:1)
  A hell hound (D:13)
  7 water moccasins
  5 porcupines
  4 swamp drakes (Lair:4)
  2 sky beasts
  4 ice beasts
  41 orc warriors
  A black bear (shapeshifter) (D:15)
  6 black bears
  An eye of draining (D:9)
  A necrophage (D:8)
  A phantom (D:9)
  12 ogres
  4 boggarts
  5 centaurs
  4 wolves (Lair:4)
  8 crocodiles
  21 bullfrogs
  A gnoll sergeant (D:9)
  3 big kobolds
  2 troll zombies (D:10)
  5 scorpions
  3 jellies
  19 killer bees
  8 wights (D:10)
  2 electric eels
  3 howler monkeys
  7 crimson imps
  5 centaur zombies
  2 lava snakes (Lair:4)
  28 orc priests
  A quasit (D:10)
  3 hounds
  A gnoll shaman (D:5)
  27 orc wizards
  3 bullfrog skeletons (D:12)
  6 centaur skeletons
  2 iguanas
  Natasha (thrice) (D:4)
  14 worker ants
  A killer bee zombie (D:9)
  4 ogre zombies (D:10)
  A hound skeleton (D:9)
  A worker ant zombie (D:7)
  16 gnolls
  17 adders
  4 shadow imps
  4 oozes
  2 adder skeletons
  3 dart slugs
  A leopard gecko (D:3)
  104 orcs
  3 ball pythons
  4 giant cockroaches
  6 goblins
  9 hobgoblins
  5 jackals
  17 kobolds
  5 quokkas
  9 bats
  3 frilled lizards
  4 goblin zombies (D:10)
  2 hobgoblin skeletons (D:10)
  3 hobgoblin zombies (D:10)
  2 orc skeletons (D:10)
  8 orc zombies (D:10)
  A quokka zombie (D:5)
  8 rats
811 creatures vanquished.

Vanquished Creatures (others)
  2 bushes (D:6)
  3 fungi
  2 plants
7 creatures vanquished.

Grand Total: 818 creatures vanquished

Notes
Turn   | Place    | Note
-------+----------+-------------------------------------------
     0 | D:1      | Sandy the Spriggan Gladiator began the quest for the Orb.
     0 | D:1      | Reached XP level 1. HP: 10/10 MP: 2/2
   139 | D:2      | Reached XP level 2. HP: 13/14 MP: 3/3
   498 | D:5      | Entered Level 5 of the Dungeon
   666 | D:4      | Reached XP level 3. HP: 7/18 MP: 4/4
   979 | D:4      | Reached XP level 4. HP: 10/22 MP: 5/5
  1151 | D:4      | Noticed Natasha
  1861 | D:4      | Reached XP level 5. HP: 7/25 MP: 6/6
  2351 | D:4      | Noticed an ogre
  2359 | D:4      | Killed an ogre
  2381 | D:4      | Found an iron altar of Okawaru.
  2390 | D:4      | Became a worshipper of Warmaster Okawaru
  2576 | D:3      | Reached skill level 5 in Staves
  2826 | D:2      | Reached skill level 1 in Stealth
  3021 | D:1      | Reached XP level 6. HP: 30/30 MP: 7/7
  4499 | D:4      | Killed Natasha
  4499 | D:4      | Reached skill level 5 in Dodging
  4728 | D:4      | Noticed Natasha
  4736 | D:4      | Killed Natasha
  4908 | D:4      | Reached * piety under Okawaru
  4908 | D:4      | Reached skill level 6 in Dodging
  4908 | D:4      | Reached XP level 7. HP: 27/33 MP: 8/8
  4952 | D:4      | Noticed Natasha
  4963 | D:4      | Killed Natasha
  4963 | D:4      | Reached skill level 7 in Dodging
  5343 | D:5      | Reached skill level 8 in Dodging
  5629 | D:5      | Reached skill level 9 in Dodging
  5936 | D:5      | Found a shattered altar of Ashenzari.
  6089 | D:5      | Reached XP level 8. HP: 29/37 MP: 9/9
  6605 | D:6      | Found a hide-covered altar of Uskayaw.
  6633 | D:6      | HP: 1/37 [ice beast (16)]
  7859 | D:6      | Reached ** piety under Okawaru
  7913 | D:6      | Noticed Sigmund
  8029 | D:6      | Killed Sigmund
  8278 | D:6      | Found a shadowy altar of Dithmenos.
  8278 | D:6      | Found a deep blue altar of Sif Muna.
  8280 | D:6      | Found a blossoming altar of Fedhas.
  8457 | D:5      | Found a burning altar of Makhleb.
  8912 | D:6      | Reached skill level 5 in Fighting
  8912 | D:6      | Reached XP level 9. HP: 40/47 MP: 10/10
  9347 | D:6      | Found Gillamo's General Store.
  9808 | D:8      | Reached *** piety under Okawaru
  9840 | D:8      | Reached skill level 1 in Invocations
 10261 | D:7      | Paralysed by a hornet for 1 turns
 10264 | D:7      | Reached skill level 10 in Dodging
 10521 | D:7      | Received a gift from Okawaru
 10711 | D:7      | Found a staircase to the Ecumenical Temple.
 10720 | Temple   | Entered the Ecumenical Temple
 11289 | D:8      | Noticed a two-headed ogre
 11557 | D:7      | Killed a two-headed ogre
 11557 | D:7      | Reached skill level 12 in Dodging
 12074 | D:8      | Reached XP level 10. HP: 51/53 MP: 13/13
 12513 | D:10     | Entered Level 10 of the Dungeon
 12697 | D:9      | Noticed a cyclops
 13215 | D:9      | Reached **** piety under Okawaru
 13280 | D:9      | Found an opulent altar of Gozag.
 13732 | D:10     | Paralysed by a hornet for 2 turns
 13970 | D:11     | Noticed a death yak
 14096 | D:10     | Found a staircase to the Orcish Mines.
 15786 | D:10     | Reached ***** piety under Okawaru
 16368 | D:10     | Gained mutation: You are partially covered in thin metallic scales. (AC +2) [potion of mutation]
 16368 | D:10     | Gained mutation: You have a somewhat thin skeletal structure. (Dex +2, Stealth) [potion of mutation]
 16368 | D:10     | Gained mutation: Your mind is acute. (Int +2) [potion of mutation]
 16686 | D:11     | Reached XP level 11. HP: 37/56 MP: 14/14
 16903 | D:10     | Received a gift from Okawaru
 16903 | D:10     | Reached skill level 10 in Staves
 17886 | D:11     | Found Yjutuag's Serpentskin Sales.
 17896 | D:11     | Bought 3 curare-tipped needles for 30 gold pieces
 17902 | D:11     | Found a staircase to the Lair.
 17919 | D:11     | Noticed a death yak
 18762 | D:10     | Killed a death yak
 19054 | D:6      | Bought a scroll of enchant armour for 97 gold pieces
 19313 | Orc:1    | Entered Level 1 of the Orcish Mines
 19316 | Orc:2    | Entered Level 2 of the Orcish Mines
 19329 | Orc:1    | Noticed an orc knight
 19404 | D:10     | Noticed a five-headed hydra
 19637 | D:10     | Killed an orc knight
 19637 | D:10     | Received a gift from Okawaru
 19637 | D:10     | Reached skill level 5 in Stealth
 19819 | D:10     | Killed a five-headed hydra
 21545 | D:11     | Reached ****** piety under Okawaru
 21809 | Orc:2    | Reached skill level 1 in Armour
 22169 | Orc:2    | Reached XP level 12. HP: 63/63 MP: 15/15
 22197 | Orc:2    | Reached skill level 13 in Dodging
 22503 | Orc:2    | Received a gift from Okawaru
 22504 | Orc:2    | Got a transparent hunting sling {god gift}
 22509 | Orc:2    | Identified the +8 hunting sling of Okawaru's Esteem {flame, rElec Str+4} (Okawaru gifted it to you on level 2 of the Orcish Mines)
 23572 | Orc:2    | Reached skill level 5 in Throwing
 23799 | Orc:2    | Noticed an orc high priest
 24093 | D:10     | Killed a death yak
 24259 | D:11     | Noticed a death yak
 24330 | D:11     | Killed a death yak
 24682 | D:11     | Received a gift from Okawaru
 25034 | D:11     | Noticed a seven-headed hydra
 25063 | D:11     | Killed a seven-headed hydra
 25211 | D:12     | Learned a level 1 spell: Confusing Touch
 25215 | D:12     | Learned a level 3 spell: Mephitic Cloud
 25217 | D:12     | Noticed Agrougrou's ghost (journeyman DsFi)
 25217 | D:12     | Learned a level 1 spell: Apportation
 25502 | Lair:1   | Entered Level 1 of the Lair of Beasts
 25512 | Lair:1   | Received a gift from Okawaru
 25636 | Lair:2   | Noticed Gastronok
 25961 | Lair:1   | Received a gift from Okawaru
 25974 | Lair:1   | Got a fine scarf {god gift}
 25985 | Lair:1   | Identified the scarf of the Trilobite {Int+2} (Okawaru gifted it to you on level 1 of the Lair of Beasts)
 26328 | Lair:1   | HP: 3/63 [poisoned by a black mamba]
 26336 | Lair:1   | HP: 3/63 [poisoned by a black mamba]
 26344 | Lair:1   | HP: 2/63 [poisoned by a black mamba]
 27010 | Lair:2   | Reached skill level 1 in Slings
 27521 | Lair:2   | Reached XP level 13. HP: 64/67 MP: 16/16
 27643 | Lair:2   | Killed Gastronok
 27952 | Lair:2   | Noticed Nergalle
 27968 | Lair:2   | Killed Nergalle
 27968 | Lair:2   | Reached skill level 5 in Slings
 28139 | Lair:2   | Found a snail-covered altar of Cheibriados.
 30441 | D:11     | Received a gift from Okawaru
 30461 | D:11     | Got a warped troll leather armour {god gift}
 30472 | D:11     | Identified the +3 troll leather armour of Undesirable Species {rPois MR+ Regen+ Slay+2} (Okawaru gifted it to you on level 11 of the Dungeon)
 31148 | Lair:3   | Found a staircase to the Swamp.
 31868 | Orc:2    | Noticed an orc warlord
 31952 | Orc:2    | Killed an orc warlord
 32195 | Orc:2    | Noticed an orc warlord
 32302 | Orc:2    | Killed an orc warlord
 32302 | Orc:2    | Reached XP level 14. HP: 74/74 MP: 17/17
 32493 | Orc:2    | Reached skill level 10 in Slings
 32578 | Orc:2    | Found a staircase to the Elven Halls.
 32641 | Orc:2    | Found Foguen's General Store.
 32641 | Orc:2    | Found Wurekhal's Antique Armour Boutique.
 32641 | Orc:2    | Found Muebae Jejo's Book Boutique.
 32641 | Orc:2    | Found Jugganeo's Antique Weapon Shop.
 32834 | Elf:1    | Entered Level 1 of the Elven Halls
 33184 | Orc:2    | Noticed a stone giant
 33437 | D:12     | Killed Agrougrou's ghost
 33437 | D:12     | Received a gift from Okawaru
 34052 | D:13     | Noticed Azrael
 34120 | D:13     | Killed Azrael
 34654 | D:13     | Reached skill level 5 in Invocations
 34805 | D:13     | Got a transparent iron amulet
 34807 | D:13     | Identified the amulet "Mutit" {RegenMP rElec SInv Stlth-} (You found it on level 13 of the Dungeon)
 34845 | D:15     | Entered Level 15 of the Dungeon
 34918 | D:14     | Found a transporter.
 34919 | D:14     | Found a radiant altar of Vehumet.
 34933 | D:14     | Found Ushuem's Antique Weapon Shoppe.
 35054 | D:14     | Received a gift from Okawaru
 35131 | D:14     | Found a gate to the Vaults.
 36591 | D:15     | Gained mutation: You are frail. (-10% HP) [a shining eye]
 36627 | D:15     | Found a staircase to the Depths.
 36685 | D:15     | Received a gift from Okawaru
 36693 | D:15     | Reached XP level 15. HP: 62/71 MP: 20/20
 36715 | D:15     | Gained mutation: Armour fits poorly on your strangely shaped body. [mutagenic glow]
 36736 | D:15     | Gained mutation: You are very frail. (-20% HP) [mutagenic glow]
 36823 | D:14     | Got a flickering brass ring
 36826 | D:14     | Identified the ring of the Dolphin {MR+ AC+4} (You found it on level 14 of the Dungeon)
 36832 | D:14     | Got a spiked cloak
 36843 | D:14     | Identified the +0 cloak "Zuiti" {-Tele rC+ rN+ Dex+2} (You found it on level 14 of the Dungeon)
 37029 | D:13     | Identified a scroll of acquirement
 37781 | Lair:4   | Found a staircase to the Snake Pit.
 38031 | Lair:4   | Reached skill level 14 in Dodging
 38183 | Lair:5   | Found a staircase to the Slime Pits.
 38469 | Lair:5   | Received a gift from Okawaru
 39157 | Lair:4   | Reached skill level 15 in Dodging
 39592 | Lair:4   | Got an ancient hunting sling
 39594 | Lair:4   | Identified the +6 hunting sling of Tumult {flame, rN+ Dex+4} (You acquired it on level 4 of the Lair of Beasts)
 40121 | Elf:1    | Received a gift from Okawaru
 40457 | Elf:1    | Received a gift from Okawaru
 40608 | Elf:1    | Received a gift from Okawaru
 40633 | Elf:1    | Reached skill level 5 in Armour
 40749 | Elf:1    | Reached skill level 10 in Fighting
 40950 | Elf:1    | Received a gift from Okawaru
 41209 | Elf:1    | Reached skill level 16 in Dodging
 41209 | Elf:1    | Reached XP level 16. HP: 57/68 MP: 21/21
 41317 | Elf:1    | Killed from afar by a deep elf knight

Skill      XL: |  1  2  3  4  5  6  7  8  9 10 11 12 13 14 15 |
---------------+----------------------------------------------+-----
Staves         | 3 4 5 6 9 10 11 13 14 | 14.0
Stealth        | 1 4 6 8 |  8.0
Dodging        | 6 9 12 13 16 | 16.1
Fighting       | 5 6 7 8 9 10 | 10.3
Invocations    | 3 5 |  5.3
Throwing       | 4 9 |  9.4
Armour         | 1 3 5 |  5.7
Slings         | 2 9 10 | 10.0

Action                   |  1- 3 |  4- 6 |  7- 9 | 10-12 | 13-15 | 16-18 || total
-------------------------+-------+-------+-------+-------+-------+-------++-------
Melee: Quarterstaff      |    35 |   207 |   433 |   550 |       |       ||  1225
       Lajatang          |       |       |       |   641 |  1031 |    13 ||  1685
 Fire: Blowgun           |       |    23 |    97 |   199 |       |       ||   319
       Hunting sling     |       |       |       |   240 |  1194 |    17 ||  1451
Throw: Stone             |       |    38 |   155 |   328 |    43 |     1 ||   565
       Throwing net      |       |       |       |     1 |       |       ||     1
       Tomahawk          |       |       |       |     1 |     3 |       ||     4
 Cast: Apportation       |       |       |       |     1 |       |       ||     1
Invok: Heroism           |       |       |     1 |     5 |     7 |       ||    13
       Finesse           |       |       |       |       |     3 |       ||     3
Evoke: Wand              |       |     3 |     3 |     8 |     1 |       ||    15
  Use: Scroll            |       |     9 |     3 |    10 |    15 |       ||    37
       Potion            |       |       |     5 |     4 |       |       ||     9
 Stab: Sleeping          |     2 |     4 |     2 |    11 |     7 |       ||    26
       Distracted        |       |     2 |       |     1 |     1 |       ||     4
  Eat: Fruit             |       |       |     4 |       |       |       ||     4
       Bread ration      |       |       |     1 |     3 |     2 |       ||     6
Armor: Robe              |     9 |    20 |    22 |    20 |       |       ||    71
       Steam dragon scal |       |       |       |    38 |    13 |       ||    51
       Troll leather arm |       |       |       |       |    62 |     1 ||    63
Dodge: Dodged            |    72 |   161 |   400 |  1158 |   818 |    10 ||  2619
       Deflected         |       |       |       |       |     7 |       ||     7
Block: Other             |       |       |       |       |    11 |     1 ||    12
       Reflection        |       |       |       |       |     1 |       ||     1
